 Dungeon Crawl Stone Soup version 0.28.0 (webtiles) character file.

Game seed: 9938370995482538832

6381 HallandMoats the Fighter (level 10, -12/66 HPs)
             Began as a Gargoyle Fighter on Feb 12, 2022.
             Was a Priest of the Shining One.
             Mangled by a caustic shrike skeleton (18 damage)
             ... on level 2 of the Abyss.
             The game lasted 00:12:20 (9880 turns).

HallandMoats the Fighter (Gargoyle Fighter)         Turns: 9880, Time: 00:12:22

Health: -12/66     AC: 19    Str: 23      XL:     10   Next: 97%
Magic:  0/16       EV: 12    Int:  7 (10) God:    the Shining One [***...]
Gold:   463        SH:  5    Dex:  9      Spells: 9/9 levels left

rFire   + . .      SeeInvis .   b - +1 morningstar (holy)
rCold   + + .      Faith    .   c - +0 buckler
rNeg    + + .      Spirit   +   u - +1 leather armour {rC+}
rPois   ∞          Reflect  .   k - +1 helmet
rElec   +          Harm     .   y - scarf {rC+ rF+}
rCorr   +          Rampage  .   G - +0 pair of gloves
Will    .....                   (no boots)
Stlth   +.........              E - amulet of guardian spirit
HPRegen 0.21/turn               A - +4 ring of protection
MPRegen 0.15/turn               J - ring of resist corrosion

@: glowing
A: sickness immunity, AC +7, negative energy resistance 1, electricity
resistance, torment resistance 1, petrification resistance, [subdued magic 2]
a: Renounce Religion, Divine Shield, Cleansing Flame


You were on level 2 of the Abyss.
You worshipped the Shining One.
The Shining One was most pleased with you.
You visited 1 branch of the dungeon, and saw 9 of its levels.
You visited the Abyss 1 time.

You collected 496 gold pieces.
You spent 33 gold pieces at shops.

Inventory:

Hand Weapons
 a - a +1 flail of venom
 b - a +1 morningstar of holy wrath (weapon)
Armour
 c - a +0 buckler (worn)
 h - a +1 cloak
 k - a +1 helmet (worn)
 u - a +1 leather armour of cold resistance (worn)
 y - a scarf of resistance (worn)
 G - a +0 pair of gloves (worn)
Jewellery
 A - a +4 ring of protection (left hand)
 E - an amulet of guardian spirit (around neck)
 J - a ring of resist corrosion (right hand)
Wands
 n - a wand of iceblast (5)
 r - a wand of acid (3)
 s - a wand of flame (41)
 H - a wand of paralysis (2)
 L - a wand of charming (9)
Scrolls
 g - 2 scrolls of immolation {unknown}
 m - 2 scrolls of enchant weapon
 o - 3 scrolls of fear
 v - 3 scrolls of blinking
 x - a scroll of summoning
 B - 4 scrolls of magic mapping {unknown}
 C - a scroll of amnesia {unknown}
 D - 2 scrolls of identify
 F - a scroll of vulnerability {unknown}
 I - a scroll of torment {unknown}
 K - a scroll of acquirement {unknown}
Potions
 d - a potion of might
 f - a potion of ambrosia {unknown}
 i - 2 potions of flight
 j - 4 potions of curing {unknown}
 p - 2 potions of lignification {unknown}
 q - a potion of haste {unknown}
 t - 2 potions of berserk rage {unknown}
 w - 2 potions of mutation {unknown}
 z - a potion of resistance
 M - a potion of brilliance {unknown}


   Skills:
 * Level 9.0 Fighting
 * Level 8.0 Maces & Flails
 + Level 6.8 Armour
 + Level 4.3 Dodging
 + Level 6.9 Shields
 * Level 8.2 Invocations


You had 9 spell levels left.
You didn't know any spells.
Your spell library contained the following spells:

 Spells                   Type           Power      Damage    Failure   Level
 Beastly Appendage        Tmut           0%         N/A       45%         1
 Foxfire                  Conj/Fire      0%         2x1d4     45%         1
 Sandblast                Erth           0%         2d4       45%         1
 Passwall                 Tmut/Erth      0%         N/A       61%         2
 Wereblood                Tmut           0%         N/A       61%         2
 Call Canine Familiar     Summ           0%         N/A       85%         3
 Confusing Touch          Hex            0%         N/A       85%         3
 Conjure Flame            Conj/Fire      0%         6-21      85%         3
 Inner Flame              Hex/Fire       0%         N/A       85%         3
 Portal Projectile        Hex/Tloc       0%         N/A       85%         3
 Spider Form              Tmut/Pois      0%         N/A       85%         3
 Stone Arrow              Conj/Erth      0%         3d7       85%         3
 Animate Armour           Summ/Erth      0%         N/A       99%         4
 Flame Wave               Conj/Fire      0%         2d4       99%         4
 Leda's Liquefaction      Hex/Erth       0%         N/A       99%         4
 Yara's Violent Unravell  Hex/Tmut       0%         3d3       100%        5
 Enfeeble                 Hex            0%         N/A       100%        7
 Lehudib's Crystal Spear  Conj/Erth      0%         10d2      100%        8


Dungeon Overview and Level Annotations

Branches:
Dungeon (9/15)             Temple (0/1) D:6
   Lair: D:8-11         Orc: D:9-12

Altars:
Dithmenos
Hepliaklqana
Nemelex Xobeh
Qazlal
Ru
Wu Jian
The Shining One

Shops:
D:2 ?   D:5 =

Annotations:
D:9 Erolcha


Innate Abilities, Weirdness & Mutations

You are immune to sickness and miasma.
Your stone body is resilient. (AC +7)
You are immune to poison.
You resist negative energy. (rN+)
You are resistant to electric shocks. (rElec)
You are resistant to unholy torment.
You are immune to petrification.
[Your spells are easier to cast, but less powerful.]


Message History

You are suddenly pulled into a different region of the Abyss!
Unknown command.
You start resting.
A dire elephant zombie comes into view.
A dire elephant zombie is nearby!
You start resting.
A dire elephant zombie is nearby!
A rakshasa comes into view. It is wielding a +0 trident.
Okay, then.
Okay, then.
Unknown command.
You are suddenly pulled into a different region of the Abyss!
You start resting.
A caustic shrike skeleton comes into view.
Your +1 flail of venom stops dripping with poison.
Your +1 morningstar of holy wrath softly glows with a divine radiance!
b - a +1 morningstar of holy wrath (weapon)
You start resting.
The caustic shrike skeleton claws you!
You hit the caustic shrike skeleton but do no damage.
The caustic shrike skeleton closely misses you.
The caustic shrike skeleton claws you but does no damage.
You barely miss the caustic shrike skeleton.
The caustic shrike skeleton barely misses you.
You block the caustic shrike skeleton's attack.
You impale the caustic shrike skeleton!!
The caustic shrike skeleton convulses!
The caustic shrike skeleton is moderately damaged.
The caustic shrike skeleton claws you! x2
You hit the caustic shrike skeleton.
The caustic shrike skeleton convulses.
The caustic shrike skeleton is moderately damaged.
The caustic shrike skeleton claws you but does no damage.
The caustic shrike skeleton claws you!
* * * LOW HITPOINT WARNING * * *
You puncture the caustic shrike skeleton!
The caustic shrike skeleton convulses.
The caustic shrike skeleton is heavily damaged.
The caustic shrike skeleton claws you!
* * * LOW HITPOINT WARNING * * *
The caustic shrike skeleton claws you!!
You die...

#. ... ..# #.#
#.. ##..#
#..#.#####
#####..#Z...##
#.. . #.#@...#
# .######
#.....Z...#
#....##.#.#
....## #. .
###. .# ## .
#. # #. #.


You could see a caustic shrike skeleton.

Vanquished Creatures
  A very ugly thing (Abyss:1)
  A two-headed ogre (D:8)
  Pikel (D:7)
  Maurice (D:8)
  A harpy zombie (Abyss:1)
  Sigmund (D:4)
  Grum (D:9)
  A steam dragon (D:7)
  Menkaure (D:5)
  Duvessa (D:5)
  Edmund (D:5)
  An acid dragon (D:9)
  4 orc warriors
  2 ice beasts (D:7)
  A necrophage (D:6)
  2 black bears
  2 sky beasts
  4 wolves (D:9)
  3 centaurs
  3 ogres
  A lemure (D:7)
  A phantom (D:6)
  2 kobold brigands (D:4)
  Blork the orc (D:5)
  3 bullfrogs
  2 scorpions (D:5)
  2 water moccasin skeletons (D:5)
  Dowan (D:5)
  3 killer bees (D:7)
  10 wights
  A howler monkey (D:7)
  2 bullfrog zombies (D:5)
  5 hounds
  3 centaur skeletons
  An orc priest (D:3)
  2 jellies (D:6)
  Crazy Yiuf (D:4)
  An iguana (D:7)
  Jessica (D:2)
  Ijyb (D:3)
  Terence (D:2)
  Natasha (thrice) (D:4)
  7 orc wizards
  A killer bee zombie (D:5)
  2 hound skeletons (D:4)
  A howler monkey zombie (D:5)
  A gnoll (D:1)
  6 adders
  A shadow imp (D:8)
  A white imp (D:7)
  2 worms (D:2)
  4 dart slugs
  29 orcs
  8 endoplasms
  2 giant cockroaches (D:3)
  4 goblins
  7 hobgoblins
  3 jackals (D:4)
  3 kobolds
  A quokka (D:3)
  6 ball pythons
  3 bats
  A frilled lizard (D:3)
  2 rats
176 creatures vanquished.

Vanquished Creatures (others)
  A demonic plant (D:3)
  3 fungi (D:3)
  A plant (D:3)
  A withered plant (D:3)
6 creatures vanquished.

Grand Total: 182 creatures vanquished

Notes
Turn   | Place    | Note
-------+----------+-------------------------------------------
     0 | D:1      | HallandMoats the Gargoyle Fighter began the quest for the
                  | Orb.
     0 | D:1      | Reached XP level 1. HP: 14/14 MP: 1/1
   599 | D:1      | Reached XP level 2. HP: 16/19 MP: 2/2
   974 | D:2      | Reached skill level 1 in Invocations
   988 | D:2      | Reached XP level 3. HP: 19/23 MP: 3/3
  1036 | D:2      | Found a glowing golden altar of the Shining One.
  1093 | D:2      | Became a worshipper of the Shining One
  1117 | D:2      | Found Guyffath's Magic Scroll Emporium.
  1127 | D:2      | Bought a scroll of teleportation for 33 gold pieces
  1321 | D:2      | Noticed Jessica
  1337 | D:1      | Reached XP level 4. HP: 8/29 MP: 5/5
  1594 | D:2      | Killed Jessica
  1595 | D:2      | Reached skill level 4 in Fighting
  1940 | D:2      | Noticed Terence
  1952 | D:2      | Killed Terence
  1953 | D:2      | Reached XP level 5. HP: 27/33 MP: 6/6
  2245 | D:3      | Found a hazy altar of Hepliaklqana.
  2378 | D:3      | Noticed Ijyb
  2395 | D:3      | Killed Ijyb
  2396 | D:3      | Reached skill level 1 in Dodging
  2442 | D:3      | Found a faded altar of an unknown god.
  2937 | D:4      | Noticed Sigmund
  3106 | D:3      | Reached * piety under the Shining One
  3107 | D:3      | Reached XP level 6. HP: 16/39 MP: 7/7
  3292 | D:4      | Killed Sigmund
  3369 | D:4      | Noticed Natasha
  3379 | D:4      | Killed Natasha
  3411 | D:4      | Reached skill level 5 in Fighting
  3411 | D:4      | Reached XP level 7. HP: 32/44 MP: 9/9
  3912 | D:4      | Found a shadowy altar of Dithmenos.
  4033 | D:4      | Found a runed translucent door.
  4034 | D:4      | Noticed Crazy Yiuf
  4141 | D:4      | Noticed Natasha
  4148 | D:4      | Killed Natasha
  4285 | D:4      | Noticed Natasha
  4293 | D:4      | Killed Natasha
  4332 | D:4      | Killed Crazy Yiuf
  4404 | D:5      | Entered Level 5 of the Dungeon
  4404 | D:5      | Noticed Blork the orc
  4407 | D:5      | Found a stormy altar of Qazlal.
  4411 | D:5      | Killed Blork the orc
  4412 | D:5      | Reached XP level 8. HP: 36/50 MP: 11/11
  4557 | D:5      | Noticed Edmund
  4568 | D:5      | Killed Edmund
  4763 | D:5      | Reached skill level 6 in Fighting
  4763 | D:5      | Reached skill level 5 in Maces & Flails
  4763 | D:5      | Reached skill level 5 in Armour
  4786 | D:5      | Reached skill level 5 in Shields
  4786 | D:5      | Reached skill level 5 in Invocations
  5003 | D:5      | Noticed Menkaure
  5009 | D:5      | Killed Menkaure
  5108 | D:5      | Noticed Duvessa
  5113 | D:5      | Noticed Dowan
  5118 | D:5      | Killed Duvessa
  5121 | D:5      | Killed Dowan
  5122 | D:5      | Reached XP level 9. HP: 47/56 MP: 11/13
  5425 | D:5      | Found Keir's Jewellery Shop.
  5483 | D:5      | Reached ** piety under the Shining One
  5757 | D:6      | Found a staircase to the Ecumenical Temple.
  5802 | D:6      | Found a sacrificial altar of Ru.
  5970 | D:6      | Reached skill level 7 in Fighting
  6494 | D:6      | Found an ornate altar of the Wu Jian Council.
  6709 | D:7      | Noticed Pikel
  6753 | D:7      | Killed Pikel
  6766 | D:7      | Reached XP level 10. HP: 32/64 MP: 15/15
  6917 | D:7      | Found a sparkling altar of Nemelex Xobeh.
  7104 | D:7      | Reached skill level 8 in Fighting
  7289 | D:7      | Found a glowing golden altar of the Shining One.
  8066 | D:8      | Noticed a two-headed ogre
  8082 | D:8      | Killed a two-headed ogre
  8563 | D:8      | Noticed Maurice
  8568 | D:8      | Paralysed by Maurice for 4 turns
  8576 | D:8      | Paralysed by Maurice for 7 turns
  8584 | D:8      | Killed Maurice
  9225 | D:9      | Reached *** piety under the Shining One
  9312 | D:9      | Found a glowing golden altar of the Shining One.
  9343 | D:9      | Noticed Grum
  9378 | D:9      | Killed Grum
  9379 | D:9      | Reached skill level 9 in Fighting
  9672 | D:9      | Noticed Erolcha
  9679 | D:9      | Cast into level 1 of the Abyss (Erolcha)
  9710 | Abyss:1  | Noticed a green very ugly thing
  9719 | Abyss:1  | Killed a green very ugly thing
  9743 | Abyss:1  | Noticed a glowing orange brain
  9752 | Abyss:1  | Noticed a smoke demon
  9752 | Abyss:1  | Noticed a thrashing horror
  9753 | Abyss:1  | Noticed an orange demon
  9771 | Abyss:1  | Noticed a wretched star
  9786 | Abyss:2  | Noticed a wretched star
  9801 | Abyss:2  | Noticed a great orb of eyes
  9843 | Abyss:2  | Noticed a rakshasa
  9880 | Abyss:2  | Mangled by a caustic shrike skeleton

Illustrated notes

Levels and vault maps discovered:
D:1:      dpeg_arrival_rooms_c, layout_basic
D:2:      layout_basic, serial_curves, eino_curves_02, eino_curves_03,
          basic_altar, serial_shops, shop, minmay_misc_feat_roman,
          minmay_misc_feat_square, minmay_cupped, uniq_jessica, uniq_terence
D:3:      cheibrodos_helix_gallery, layout_basic, mainiacjoe_overflow_alcove_2,
          shapermc_ecumenical_altar_gd, uniq_ijyb
D:4:      layout_cave_pools, lemuel_crystal_altar, serial_glass,
          glass_columns_a, glass_columns_b, glass_columns_a, glass_columns_a,
          glass_columns_a, glass_columns_c, glass_columns_a, glass_columns_a,
          glass_columns_c, glass_columns_c, uniq_sigmund,
          uniq_crazy_yiuf_cottage, uniq_natasha
D:5:      layout_basic, mainiacjoe_overflow_catwalk, serial_shops, shop,
          uniq_menkaure, uniq_edmund, uniq_blork_the_orc, uniq_duvessa
D:6:      layout_basic, nzn_wu_jian_council_hall, nicolae_ru_path_of_blood,
          minmay_temple_entry_slanted
D:7:      layout_basic, nemelex_diamond_rough_becter, minmay_ruined_shrine,
          uniq_pikel
D:8:      layout_basic, grunt_decor_junction, uniq_maurice
D:9:      layout_stronghold, kennysheep_mini_moat, nicolae_uskayaw_en_pointe,
          st_stairs_8, kennysheep_small_spiral, onia_ninara_cookie, uniq_grum,
          uniq_erica, uniq_erolcha
Abyss:2:  base: D:5, hangedman_abyss_feature_spike, evilmike_abyss_exit_4

Skill      XL: |  1  2  3  4  5  6  7  8  9 10 |
---------------+-------------------------------+-----
Invocations    | 1 2 3 4 5 6 8 |  8.2
Fighting       | 4 5 6 7 9 |  9.0
Maces & Flails | 3 4 5 6 8 |  8.0
Dodging        | 1 2 3 4 |  4.3
Armour         | 4 5 6 |  6.8
Shields        | 4 5 6 |  6.9

Action                   |  1- 3 |  4- 6 |  7- 9 | 10-12 || total
-------------------------+-------+-------+-------+-------++-------
Melee: Flail             |    78 |   152 |   207 |   184 ||   621
       Morningstar       |       |       |    33 |    17 ||    50
Invok: Divine Shield     |       |       |       |     1 ||     1
  Use: Scroll            |       |     5 |     2 |     3 ||    10
       Potion            |       |     1 |     1 |     2 ||     4
Armor: Scale mail        |    40 |    81 |    45 |       ||   166
       Leather armour    |       |       |   116 |   140 ||   256
Dodge: Dodged            |    36 |    74 |   141 |   141 ||   392
Block: Buckler           |    15 |    39 |    62 |    63 ||   179
